IL
RENO ACES @ SYRACUSE CHIEFS
08/25/2049
 
TOP OF THE 1ST
Reno Aces batting - Pitching for Syracuse Chiefs : RHP Jason Cheek
Pitching: RHP Jason Cheek
Batting: LHB Willie Gutierrez 0-0: Ball
1-0: Ground out 1-4-3 (Groundball, 15S, EV 106.9 MPH)
Batting: RHB Jesus Galvan 0-0: Foul Ball, location: 2F
0-1: Ball
1-1: Ball
2-1: Ball
3-1: Foul Ball, location: 2F
3-2: Ground out 5-3 (Groundball, 56S, EV 86.2 MPH)
Batting: RHB Enrique Juarez 0-0: Ball
1-0: SINGLE (Groundball, 4D, EV 95.0 MPH)
Batting: LHB Rich Butler 0-0: Foul Ball, location: 2F
0-1: Ball
1-1: Swinging Strike
1-2: Foul Ball, location: 2F
1-2: Strikes out swinging
Top of the 1st over - 0 runs, 1 hit, 0 errors, 1 left on base; Reno 0 - Syracuse 0
BOTTOM OF THE 1ST
Syracuse Chiefs batting - Pitching for Reno Aces : RHP Marcos Tejeda
Pitching: RHP Marcos Tejeda
Batting: RHB Dusty Ballard 0-0: Foul Ball, location: 2F
0-1: Ball
1-1: Foul Ball, location: 2F
1-2: Foul Ball, location: 2F
1-2: Ball
2-2: Ball
3-2: Foul Ball, location: 2F
3-2: Base on Balls
Batting: LHB Alexis Cantu 0-0: Ball
Dusty Ballard steals 2nd base
1-0: DOUBLE (Flyball, 78D, EV 91.2 MPH)
Dusty Ballard scores
Batting: LHB Jae-ik Soung 0-0: Called Strike
0-1: Foul Ball, location: 2F
0-2: Ball
1-2: SINGLE (Groundball, 34S, EV 67.5 MPH) (infield hit)
Alexis Cantu to third
Batting: LHB Doug Anderson 0-0: Ball
1-0: Swinging Strike
1-1: Swinging Strike
1-2: Ball
2-2: Strikes out swinging
Batting: RHB Hisayuki Akiyama 0-0: Ball
1-0: Called Strike
Jae-ik Soung steals 2nd base
1-1: Swinging Strike
1-2: Ball
2-2: Strikes out swinging, 2-3 out at first.
Batting: RHB Martin Guerrero 0-0: Called Strike
0-1: Ball
1-1: Foul Ball, location: 2F
1-2: Foul Ball, location: 2F
1-2: Strikes out looking
Bottom of the 1st over - 1 run, 2 hits, 0 errors, 2 left on base; Reno 0 - Syracuse 1
TOP OF THE 2ND
Reno Aces batting - Pitching for Syracuse Chiefs : RHP Jason Cheek
Batting: RHB Josh Burrows 0-0: Called Strike
0-1: Swinging Strike
0-2: Ball
1-2: Strikes out looking
Batting: RHB Danny Gerardo 0-0: Ball
1-0: Ball
2-0: SINGLE (Groundball, 4M, EV 101.9 MPH) (infield hit)
Batting: RHB Dustin Clark 0-0: Swinging Strike
0-1: Ball
1-1: Ball
2-1: Fly out, F9 (Flyball, 89M, EV 86.9 MPH)
Batting: LHB Brad Ritter 0-0: Called Strike
0-1: Ball
Danny Gerardo is caught stealing 2nd base 2-6
Top of the 2nd over - 0 runs, 1 hit, 0 errors, 0 left on base; Reno 0 - Syracuse 1
BOTTOM OF THE 2ND
Syracuse Chiefs batting - Pitching for Reno Aces : RHP Marcos Tejeda
Batting: LHB Evan Oliveri 0-0: Ball
1-0: Ball
2-0: Ball
3-0: Called Strike
3-1: Called Strike
3-2: SINGLE (Line Drive, 6M, EV 110.0 MPH)
Batting: RHB Pat Barton 0-0: Called Strike
0-1: Ball
1-1: Foul Ball, location: 2F
1-2: Ball
2-2: Ball
3-2: Foul Ball, location: 2F
3-2: Base on Balls
Evan Oliveri to second
Batting: RHB Dave Brabo 0-0: Ball
1-0: Ball
Evan Oliveri steals 3rd base
2-0: Ball
3-0: Called Strike
3-1: Fielders Choice at 2nd, 6-4 (Groundball, 6, EV 85.6 MPH)
Evan Oliveri scores
Batting: RHB Dusty Ballard 0-0: Fly out, F8 (Flyball, 78S, EV 80.6 MPH)
Batting: LHB Alexis Cantu 0-0: Ball
Dave Brabo steals 2nd base
1-0: Ball
2-0: Foul Ball, location: 2F
2-1: Foul Ball, location: 2F
2-2: Foul Ball, location: 2F
2-2: Ball
3-2: Ground out 6-3 (Groundball, 6M, EV 88.1 MPH)
Bottom of the 2nd over - 1 run, 1 hit, 0 errors, 1 left on base; Reno 0 - Syracuse 2
TOP OF THE 3RD
Reno Aces batting - Pitching for Syracuse Chiefs : RHP Jason Cheek
Batting: LHB Brad Ritter 0-0: Ball
1-0: Called Strike
1-1: Ball
2-1: Ball
3-1: Swinging Strike
3-2: Strikes out swinging, 2-3 out at first.
Batting: RHB Yutaka Oki 0-0: Called Strike
0-1: Swinging Strike
0-2: Foul Ball, location: 2F
0-2: Ball
1-2: Foul Ball, location: 2F
1-2: Ball
2-2: SINGLE (Groundball, 4MD, EV 97.5 MPH)
Batting: LHB Willie Gutierrez 0-0: Swinging Strike
0-1: Called Strike
Yutaka Oki is caught stealing 2nd base 2-6
0-2: Strikes out looking
Top of the 3rd over - 0 runs, 1 hit, 0 errors, 0 left on base; Reno 0 - Syracuse 2
BOTTOM OF THE 3RD
Syracuse Chiefs batting - Pitching for Reno Aces : RHP Marcos Tejeda
Batting: LHB Jae-ik Soung 0-0: Swinging Strike
0-1: Ball
1-1: Swinging Strike
1-2: Ball
2-2: Ball
3-2: Foul Ball, location: 2F
3-2: Ground out U3 (Groundball, 34, EV 86.9 MPH)
Batting: LHB Doug Anderson 0-0: Ball
1-0: Ball
2-0: Called Strike
2-1: Ground out 4-3 (Groundball, 34, EV 108.8 MPH)
Batting: RHB Hisayuki Akiyama 0-0: Called Strike
0-1: Foul Ball, location: 2F
0-2: Strikes out swinging
Bottom of the 3rd over - 0 runs, 0 hits, 0 errors, 0 left on base; Reno 0 - Syracuse 2
TOP OF THE 4TH
Reno Aces batting - Pitching for Syracuse Chiefs : RHP Jason Cheek
Batting: RHB Jesus Galvan 0-0: Ball
1-0: Called Strike
1-1: Ball
2-1: Swinging Strike
2-2: Foul Ball, location: 2F
2-2: Foul Ball, location: 2F
2-2: Strikes out swinging
Batting: RHB Enrique Juarez 0-0: Foul Ball, location: 2F
0-1: Swinging Strike
0-2: Ball
1-2: Strikes out looking
Batting: LHB Rich Butler 0-0: Ball
1-0: Ball
2-0: Called Strike
2-1: Ball
3-1: Called Strike
3-2: Strikes out swinging
Top of the 4th over - 0 runs, 0 hits, 0 errors, 0 left on base; Reno 0 - Syracuse 2
BOTTOM OF THE 4TH
Syracuse Chiefs batting - Pitching for Reno Aces : RHP Marcos Tejeda
Batting: RHB Martin Guerrero 0-0: Ball
1-0: Called Strike
1-1: Ball
2-1: Ground out 6-3 (Groundball, 6, EV 76.2 MPH)
Batting: LHB Evan Oliveri 0-0: Ball
1-0: Foul Ball, location: 2F
1-1: Ball
2-1: Ball
3-1: Swinging Strike
3-2: Base on Balls
Batting: RHB Pat Barton 0-0: Ball
1-0: Grounds into double play, 6-4-3 (Groundball, 6, EV 79.4 MPH)
Bottom of the 4th over - 0 runs, 0 hits, 0 errors, 0 left on base; Reno 0 - Syracuse 2
TOP OF THE 5TH
Reno Aces batting - Pitching for Syracuse Chiefs : RHP Jason Cheek
Batting: RHB Josh Burrows 0-0: Foul Ball, location: 2F
0-1: Swinging Strike
0-2: Ground out 5-3 (Groundball, 56, EV 89.4 MPH)
Batting: RHB Danny Gerardo 0-0: Ball
1-0: Called Strike
1-1: Foul Ball, location: 2F
1-2: Ball
2-2: Ball
3-2: SOLO HOME RUN (Flyball, 7D, EV 94.4 MPH), Distance : 364 ft
Batting: RHB Dustin Clark 0-0: Ball
1-0: Ground out 5-3 (Groundball, 56S, EV 85.6 MPH)
Batting: LHB Brad Ritter 0-0: Called Strike
0-1: DOUBLE (Flyball, 78D, EV 106.2 MPH)
Batting: RHB Yutaka Oki 0-0: Ball
1-0: Foul Ball, location: 2F
1-1: Ball
2-1: SINGLE (Groundball, 56S, EV 68.1 MPH) (infield hit)
Brad Ritter to third
Batting: LHB Willie Gutierrez 0-0: Fly out, F8 (Flyball, 8LM, EV 80.6 MPH)
Top of the 5th over - 1 run, 3 hits, 0 errors, 2 left on base; Reno 1 - Syracuse 2
BOTTOM OF THE 5TH
Syracuse Chiefs batting - Pitching for Reno Aces : RHP Marcos Tejeda
Batting: RHB Dave Brabo 0-0: Foul Ball, location: 2F
0-1: Ground out 6-3 (Groundball, 6M, EV 81.9 MPH)
Batting: RHB Dusty Ballard 0-0: Foul Ball, location: 2F
0-1: Ball
1-1: SINGLE (Groundball, 4M, EV 81.2 MPH) (infield hit)
Batting: LHB Alexis Cantu 0-0: Called Strike
Dusty Ballard steals 2nd base
0-1: SINGLE (Flyball, 5D, EV 91.2 MPH) - OUT at second base trying to stretch hit.
Dusty Ballard scores
Batting: LHB Jae-ik Soung 0-0: Ball
1-0: Called Strike
1-1: Ball
2-1: Called Strike
2-2: Ground out 6-3 (Groundball, 6MS, EV 83.1 MPH)
Bottom of the 5th over - 1 run, 2 hits, 0 errors, 0 left on base; Reno 1 - Syracuse 3
TOP OF THE 6TH
Reno Aces batting - Pitching for Syracuse Chiefs : RHP Jason Cheek
Batting: RHB Jesus Galvan 0-0: Called Strike
0-1: Foul Ball, location: 2F
0-2: Ground out 6-3 (Groundball, 6, EV 83.1 MPH)
Batting: RHB Enrique Juarez 0-0: SINGLE (Groundball, 4D, EV 110.0 MPH)
Batting: LHB Rich Butler 0-0: Ball
Enrique Juarez steals 2nd base
1-0: Fly out, F7 (Flyball, 7, EV 81.9 MPH)
Batting: RHB Josh Burrows 0-0: Ball
1-0: Called Strike
1-1: Ball
2-1: Ball
3-1: Foul Ball, location: 2F
3-2: Foul Ball, location: 2F
3-2: Ground out 6-3 (Groundball, 6S, EV 81.9 MPH)
Top of the 6th over - 0 runs, 1 hit, 0 errors, 1 left on base; Reno 1 - Syracuse 3
BOTTOM OF THE 6TH
Syracuse Chiefs batting - Pitching for Reno Aces : RHP Marcos Tejeda
Batting: LHB Doug Anderson 0-0: Called Strike
0-1: Ball
1-1: Ground out 6-3 (Groundball, 6, EV 101.2 MPH)
Batting: RHB Hisayuki Akiyama 0-0: Called Strike
0-1: Foul Ball, location: 2F
0-2: Foul Ball, location: 2F
0-2: SINGLE (Line Drive, 6D, EV 98.1 MPH)
Pitching: RHP Kyle Bradley
Batting: RHB Martin Guerrero 0-0: Called Strike
Hisayuki Akiyama steals 2nd base (no throw)
0-1: Ball
1-1: Ball
2-1: Foul Ball, location: 2F
2-2: Foul Ball, location: 2F
2-2: Ball
3-2: Foul Ball, location: 2F
3-2: Base on Balls
Batting: LHB Evan Oliveri 0-0: Ball
1-0: SINGLE (Groundball, 25, EV 71.2 MPH) (infield hit)
Hisayuki Akiyama to third
Martin Guerrero to second
Batting: RHB Pat Barton 0-0: SINGLE (Groundball, 56, EV 98.1 MPH)
Hisayuki Akiyama scores
Martin Guerrero to third
Evan Oliveri to second
Batting: RHB Dave Brabo 0-0: Foul Ball, location: 2F
0-1: Foul Ball, location: 2F
0-2: Grounds into fielders choice 5-2 (Groundball, 56, EV 84.4 MPH)
Evan Oliveri to third
Pat Barton to second
Batting: RHB Dusty Ballard 0-0: Fly out, F9 (Flyball, 9, EV 83.8 MPH)
Bottom of the 6th over - 1 run, 3 hits, 0 errors, 3 left on base; Reno 1 - Syracuse 4
TOP OF THE 7TH
Reno Aces batting - Pitching for Syracuse Chiefs : RHP Jason Cheek
Batting: RHB Danny Gerardo 0-0: Foul Ball, location: 2F
0-1: Ground out 5-3 (Groundball, 56S, EV 92.5 MPH)
Batting: RHB Dustin Clark 0-0: Ball
1-0: Foul Ball, location: 2F
1-1: Fly out, F9 (Flyball, 9D, EV 93.1 MPH)
Batting: LHB Brad Ritter 0-0: Ball
1-0: Called Strike
1-1: Ball
2-1: Ground out 6-3 (Groundball, 56, EV 108.8 MPH)
Top of the 7th over - 0 runs, 0 hits, 0 errors, 0 left on base; Reno 1 - Syracuse 4
BOTTOM OF THE 7TH
Syracuse Chiefs batting - Pitching for Reno Aces : RHP Kyle Bradley
Pitching: RHP Jose Fernandez
Batting: LHB Alexis Cantu 0-0: Called Strike
0-1: Ball
1-1: Ball
2-1: Ground out 1-3 (Groundball, 15S, EV 67.5 MPH)
Batting: LHB Jae-ik Soung 0-0: Ball
1-0: Ball
2-0: Ball
3-0: Called Strike
3-1: Base on Balls
Batting: LHB Doug Anderson 0-0: Swinging Strike
0-1: Foul Ball, location: 2F
Pickoff Throw to First - Error! E1
Jae-ik Soung to second
0-2: Foul Ball, location: 2F
0-2: Fly out, F8 (Flyball, 8LS, EV 86.9 MPH)
Batting: RHB Hisayuki Akiyama 0-0: Called Strike
0-1: Foul Ball, location: 2F
0-2: Ball
1-2: Ball
2-2: Ball
3-2: DOUBLE (Line Drive, 5D, EV 99.4 MPH)
Jae-ik Soung scores
Batting: RHB Martin Guerrero 0-0: Ball
1-0: Ball
2-0: Foul Ball, location: 2F
2-1: Ball
3-1: Fly out, F8 (Flyball, 8RD, EV 97.5 MPH)
Bottom of the 7th over - 1 run, 1 hit, 1 error, 1 left on base; Reno 1 - Syracuse 5
TOP OF THE 8TH
Reno Aces batting - Pitching for Syracuse Chiefs : RHP Jason Cheek
Batting: RHB Yutaka Oki 0-0: Called Strike
0-1: Ball
1-1: Called Strike
1-2: Foul Ball, location: 2F
1-2: Ground out U3 (Groundball, 3, EV 86.9 MPH)
Batting: LHB Willie Gutierrez 0-0: Ball
1-0: Foul Ball, location: 2F
1-1: Foul Ball, location: 2F
1-2: Strikes out looking
Batting: RHB Jesus Galvan 0-0: Foul Ball, location: 2F
0-1: Swinging Strike
0-2: Ball
1-2: Ball
2-2: Strikes out swinging
Top of the 8th over - 0 runs, 0 hits, 0 errors, 0 left on base; Reno 1 - Syracuse 5
BOTTOM OF THE 8TH
Syracuse Chiefs batting - Pitching for Reno Aces : RHP Jose Fernandez
Pitching: RHP Rick Foster
Batting: LHB Evan Oliveri 0-0: Called Strike
0-1: Ball
1-1: SINGLE (Line Drive, 8RS, EV 104.4 MPH)
Batting: RHB Pat Barton 0-0: Ball
1-0: Foul Ball, location: 2F
1-1: Called Strike
1-2: Strikes out swinging
Batting: RHB Dave Brabo 0-0: Ball
1-0: Called Strike
1-1: Ball
2-1: Ball
3-1: Fielders Choice at 2nd, 4-6 (Groundball, 4, EV 76.9 MPH)
Batting: RHB Dusty Ballard 0-0: Ball
1-0: DOUBLE (Line Drive, 9LS, EV 93.8 MPH)
Dave Brabo to third
Runner from 3rd tries for Home, SAFE, no throw by RF
Batting: LHB Alexis Cantu 0-0: Called Strike
0-1: Ball
1-1: Called Strike
1-2: Foul Ball, location: 2F
1-2: Ball
2-2: Ball
3-2: Base on Balls
Batting: LHB Jae-ik Soung 0-0: Foul Ball, location: 2F
0-1: Ball
1-1: Ball
2-1: Called Strike
2-2: Ball
3-2: 3-RUN HOME RUN (Flyball, 9D, EV 96.2 MPH), Distance : 375 ft
Pitching: RHP Elvis Diaz
Batting: LHB Doug Anderson 0-0: Ball
1-0: Ball
2-0: Called Strike
2-1: Foul Ball, location: 2F
2-2: Foul Ball, location: 2F
2-2: Foul Ball, location: 2F
2-2: Foul Ball, location: 2F
2-2: Strikes out swinging
Bottom of the 8th over - 4 runs, 3 hits, 0 errors, 0 left on base; Reno 1 - Syracuse 9
TOP OF THE 9TH
Reno Aces batting - Pitching for Syracuse Chiefs : RHP Jason Cheek
Pitching: RHP Bobby Mauk
Pinch Hitting: RHB Edgar Garcia 0-0: Foul Ball, location: 2F
0-1: Swinging Strike
0-2: Strikes out swinging
Batting: LHB Rich Butler 0-0: Called Strike
0-1: Called Strike
0-2: Fly out, F8 (Flyball, 78D, EV 91.2 MPH)
Batting: RHB Josh Burrows 0-0: Foul Ball, location: 2F
0-1: Swinging Strike
0-2: Foul Ball, location: 2F
0-2: Foul Ball, location: 2F
0-2: Foul Ball, location: 2F
0-2: Hit by Pitch
Batting: RHB Danny Gerardo 0-0: Ball
1-0: Called Strike
1-1: Fly out, F8 (Flyball, 8LXD, EV 91.9 MPH)
Top of the 9th over - 0 runs, 0 hits, 0 errors, 1 left on base; Reno 1 - Syracuse 9
Sunday, July 16th , 2023 - OOTP Baseball 24.6 Build 69